 Dungeon Crawl Stone Soup version 0.29-a0-284-gf9362112df (webtiles) character file.

Game seed: 11120122160673690335

416 siradein the Grave Robber (level 6, -4/57 HPs)
             Began as a Troll Necromancer on Apr 1, 2022.
             Killed from afar by an orc wizard (8 damage)
             ... with a magic dart
             ... on level 5 of the Dungeon.
             The game lasted 00:09:03 (3069 turns).

siradein the Grave Robber (Troll Necromancer)       Turns: 3069, Time: 00:09:04

Health: -4/57      AC:  4    Str: 17    XL:     6   Next: 60%
Magic:  8/8        EV:  7    Int: 13    God:
Gold:   158        SH: 11    Dex: 10    Spells: 5/9 levels left

rFire   . . .      SeeInvis .     - Unarmed
rCold   . . .      Faith    .   f - +0 tower shield
rNeg    . . .      Spirit   .   a - +0 robe
rPois   .          Reflect  .   (helmet restricted)
rElec   .          Harm     .   (no cloak)
rCorr   .          Rampage  .   (gloves unavailable)
Will    .....                   (boots unavailable)
Stlth   +.........              (no amulet)
HPRegen 0.99/turn               (no ring)
MPRegen 0.11/turn               (no ring)

@: no status effects
A: large, unfitting armour, claws 3, regeneration 1, shaggy fur 1, tough skin 1
a: no special abilities


You were on level 5 of the Dungeon.
You visited 1 branch of the dungeon, and saw 5 of its levels.

You collected 158 gold pieces.

Inventory:

Armour
 a - a +0 robe (worn)
 f - a +0 tower shield (worn)
Wands
 l - a wand of digging (1)
 q - a wand of acid (10)
 s - a wand of flame (11)
Scrolls
 c - a scroll of acquirement {unknown}
 g - a scroll of identify {unknown}
 h - a scroll of fear
 i - 2 scrolls of teleportation
 j - a scroll of enchant armour {unknown}
 p - 2 scrolls of immolation
 r - a scroll of vulnerability {unknown}
Potions
 b - a potion of magic
 d - a potion of cancellation {unknown}
 e - 2 potions of mutation {unknown}
 k - a potion of brilliance {unknown}
 m - 2 potions of heal wounds {unknown}
 n - a potion of berserk rage {unknown}
 o - 2 potions of curing {unknown}


   Skills:
 + Level 2.1 Fighting
 + Level 2.7 Dodging
 - Level 1.0 Stealth
 + Level 2.1 Shields
 + Level 2.4 Unarmed Combat
 + Level 2.0 Spellcasting
 + Level 4.0 Necromancy


You had 5 spell levels left.
You knew the following spells:

 Your Spells              Type           Power      Damage    Failure   Level
a - Pain                  Necr           44%        1d6       36%         1
b - Vampiric Draining     Necr           11%        2d6       75%         3

Your spell library contained the following spells:

 Spells                   Type           Power      Damage    Failure   Level
 Animate Skeleton         Necr           22%        N/A       36%         1
 Animate Dead             Necr           5%         N/A       98%         4
 Ignite Poison            Fire/Tmut/Pois 1%         N/A       99%         3
 Mephitic Cloud           Conj/Pois/Air  1%         N/A       99%         3
 Agony                    Necr           11%        N/A       100%        5
 Freezing Cloud           Conj/Ice/Air   0%         6-21      100%        5


Dungeon Overview and Level Annotations

Branches:
Dungeon (5/15)
 Temple: D:4-7

Altars:
Elyvilon
Fedhas
The Shining One


Innate Abilities, Weirdness & Mutations

You are too large for most types of armour.
You have claws for hands.
Your natural rate of healing is unusually fast.
You are covered in fur. (AC +1)
You have tough skin. (AC +1)


Message History

The orc closely misses you. Something hits you.
You scratch the orc.
The orc is severely wounded.
You block the orc's attack. Something hits you. The orc barely misses you.
Something hits you.
You are too injured to fight recklessly!
You are too injured to fight recklessly!
You are too injured to fight recklessly!
You are too injured to fight recklessly!
You are too injured to fight recklessly!
You barely miss the orc.
The orc is severely wounded.
The orc hits you with a +0 short sword. Something hits you.
You barely miss the orc.
The orc is severely wounded.
The orc hits you but does no damage. Something hits you but does no damage.
You claw the orc!
You kill the orc!
Something hits you.
You scratch something but do no damage. Something hits you but does no damage.
Something hits you.
You barely miss something. Something hits you.
* * * LOW HITPOINT WARNING * * *
You barely miss something.
You hear some strange, mumbled words.
A puff of flame appears from out of thin air!
The puff of flame hits you!
* * * LOW HITPOINT WARNING * * *
You scratch something. Something hits you.
* * * LOW HITPOINT WARNING * * *
Something hits you.
* * * LOW HITPOINT WARNING * * *
You completely miss something. You block something's attack.
You scratch something. Something hits you.
* * * LOW HITPOINT WARNING * * *
You barely miss something.
You hear some strange, mumbled words.
A magic dart appears from out of thin air!
The magic dart hits you!
You die...

...^......## ##..).#
...........# ##.###
...........# ##.o#
...........###...##
##........###....[#
##......##.>.....##
########.....##..#####
.....#.{)).....#
...####.@......# .##
#.....?..# #.......##
#...††..# ##......#
#......# #####.## ..
#.#


There were no monsters in sight!

Vanquished Creatures
  2 scorpions
  A howler monkey (D:5)
  A jelly (D:4)
  3 iguanas
  An orc wizard (D:5)
  5 adders
  3 dart slugs
  10 orcs
  4 bats
  5 endoplasms
  A giant cockroach (D:1)
  5 goblins
  10 hobgoblins
  5 jackals (D:3)
  4 kobolds
  A quokka (D:4)
  5 ball pythons
  2 frilled lizards
  8 rats
  A spectral goblin (D:1)
77 creatures vanquished.

Notes
Turn   | Place    | Note
-------+----------+-------------------------------------------
     0 | D:1      | siradein the Troll Necromancer began the quest for the Orb.
     0 | D:1      | Reached XP level 1. HP: 16/16 MP: 1/1
   139 | D:1      | Reached XP level 2. HP: 21/24 MP: 3/3
   244 | D:1      | Found a faded altar of an unknown god.
  1075 | D:2      | Reached XP level 3. HP: 32/32 MP: 4/4
  1101 | D:2      | Learned a level 3 spell: Vampiric Draining
  1325 | D:2      | Found a glowing golden altar of the Shining One.
  1822 | D:3      | Reached skill level 1 in Fighting
  1822 | D:3      | Reached skill level 1 in Unarmed Combat
  1945 | D:3      | Reached skill level 1 in Shields
  1945 | D:3      | Reached XP level 4. HP: 41/41 MP: 5/5
  2325 | D:4      | Noticed a scorpion
  2331 | D:4      | Killed a scorpion
  2332 | D:4      | Reached XP level 5. HP: 45/48 MP: 6/6
  2592 | D:4      | Found a white marble altar of Elyvilon.
  2705 | D:4      | Found a blossoming altar of Fedhas.
  2925 | D:5      | Entered Level 5 of the Dungeon
  2971 | D:5      | Reached XP level 6. HP: 33/57 MP: 7/7
  3041 | D:5      | Reached skill level 4 in Necromancy
  3069 | D:5      | Killed from afar by an orc wizard

Illustrated notes

Levels and vault maps discovered:
D:1:      elethiomel_arrival_infinity_welcomes_careful_drivers,
          layout_loops_ring, dreamdust_ecumenical_altar_drowned_temple
D:2:      layout_loops_corners, basic_altar, minmay_misc_feat_five
D:3:      layout_loops_ring
D:4:      layout_cave_pools, elyvilon_altar_1, fedhas_altar_fruit_tree
D:5:      minmay_chambers_of_threes, layout_cave_pods, uniq_pikel

Skill      XL: |  1  2  3  4  5  6 |
---------------+-------------------+-----
Fighting       | 1 2 |  2.1
Unarmed Combat | 1 2 |  2.4
Dodging        | 2 |  2.7
Shields        | 1 2 |  2.1
Spellcasting   | 2 |  2.0
Necromancy     | 4 |  4.0
Stealth        | |  1.0

Action                   |  1- 3 |  4- 6 || total
-------------------------+-------+-------++-------
Melee: Unarmed           |   117 |   173 ||   290
  Use: Scroll            |       |     3 ||     3
 Stab: Sleeping          |     1 |     3 ||     4
Armor: Robe              |    39 |    34 ||    73
Dodge: Dodged            |    36 |    52 ||    88
Block: Tower shield      |    60 |    84 ||   144

Table legend: (Time is in decaauts)
 A = Elapsed time spent in this place.
 B = Non-inter-level travel time spent in this place.
 C = Inter-level travel time spent in this place.
 D = Time resting spent in this place.
 E = Time spent auto-exploring this place.
 F = Levels seen in this place.
 G = Mean time per level.
                   A        B        C        D        E       F      G
               +--------+--------+--------+--------+--------+-----+--------+
         Total |   3154 |   3024 |    130 |      0 |   2350 |   5 |  630.8 |
       Dungeon |   3154 |   3024 |    130 |      0 |   2350 |   5 |  630.8 |
               +--------+--------+--------+--------+--------+-----+--------+

Top non-repeatable levels by time:
     D:1: 889 daAuts
     D:2: 820 daAuts
     D:3: 650 daAuts
     D:4: 630 daAuts
     D:5: 163 daAuts
